 Dungeon Crawl Stone Soup version 0.20.1-1-g8b1a95d (webtiles) character file.

17833 Linguinho the Thaumaturge (level 12, -10/67 HPs)
             Began as a Deep Elf Earth Elementalist on Oct 29, 2017.
             Was an Elder of Ashenzari.
             Mangled by Andry07's ghost (22 damage)
             ... on level 2 of the Orcish Mines.
             The game lasted 01:46:38 (18937 turns).

Linguinho the Thaumaturge (DEEE)                   Turns: 18937, Time: 01:46:38

Health: -10/67     AC:  7    Str:  5    XL:     12   Next: 22%
Magic:  0/31       EV: 16    Int: 33    God:    Ashenzari [****..]
Gold:   1126       SH:  0    Dex: 15    Spells: 10/38 levels left

rFire    . . .     SeeInvis +   f - +0 dagger (curse)
rCold    . . .     Gourm    .   (no shield)
rNeg     + . .     Faith    .   c - +2 robe {rN+}
rPois    .         Spirit   +   (helmet restricted)
rElec    .         Reflect  .   M - scarf {cloud immunity}
rCorr    .         Harm     .   (no gloves)
MR       +....     Clarity  +   j - +2 pair of boots
Stlth    ++++......             s - amulet of guardian spirit (curse)
Regen    0.3/turn               h - +5 ring of intelligence
MPRegen  0.3/turn               p - ring of wizardry (curse)

@: no status effects
A: horns 1, clever 1, robust 1, evolution 1
a: Curse Item, Scrying, Renounce Religion


You were on level 2 of the Orcish Mines.
You worshipped Ashenzari.
Ashenzari was greatly pleased with you.
You were not hungry.

You visited 4 branches of the dungeon, and saw 15 of its levels.
You also visited: Labyrinth.

You collected 1126 gold pieces.

Inventory:

Hand Weapons
 f - a cursed +0 dagger (weapon)
 V - a +2 dagger of draining
Missiles
 b - 79 stones (quivered)
Armour
 c - a +2 robe of positive energy (worn)
 j - a +2 pair of boots (worn)
 M - a scarf of cloud immunity (worn)
Magical Staves
 y - an uncursed staff of wizardry
 H - a cursed staff of earth
Jewellery
 h - a +5 ring of intelligence (left hand)
 p - a cursed ring of wizardry (right hand)
 s - a cursed amulet of guardian spirit (around neck)
 w - an uncursed ring of stealth
 G - an uncursed ring of fire
 R - an uncursed ring of resist corrosion
Wands
 m - a wand of polymorph (5/24)
 v - a wand of flame (23/48)
 z - a wand of flame (19/48)
 I - a wand of disintegration (11/24)
 J - a wand of paralysis (5/24)
 K - a wand of flame (30/48)
 O - a wand of confusion (24/48)
 S - a wand of paralysis (9/24)
 T - a wand of lightning (7/15)
 U - a wand of flame (25/48)
 W - a wand of digging (0/24)
 X - a wand of flame (27/48)
 Z - a wand of random effects (16/48)
Scrolls
 i - 4 scrolls of enchant armour
 n - a scroll of magic mapping
 r - a scroll of teleportation
 E - 5 scrolls of enchant weapon
 L - 2 scrolls of identify
Potions
 g - 2 potions of might
 q - 3 potions of curing
 t - a potion of agility
 u - a potion of haste
 N - a potion of resistance
Books
 e - a book of Geomancy

   Spells                             Type                      Level
   a - Sandblast                      Earth                        1
   b - Passwall                       Transmutation/Earth          2
   c - Stone Arrow                    Conjuration/Earth            3
   d - Petrify                        Transmutation/Earth          4
   e - Lee's Rapid Deconstruction     Earth                        5
 A - the Reference Book on the Lucky Glacier
   (You found it in a labyrinth)

   Spells                             Type                      Level
   a - Shroud of Golubria             Charms/Translocation         2
   b - Song of Slaying                Charms                       2
   c - Regeneration                   Charms/Necromancy            3
   d - Bolt of Cold                   Conjuration/Ice              6
 C - a book of Frost

   Spells                             Type                      Level
   a - Freeze                         Ice                          1
   b - Throw Frost                    Conjuration/Ice              2
   c - Ozocubu's Armour               Charms/Ice                   3
   d - Throw Icicle                   Conjuration/Ice              4
   e - Summon Ice Beast               Ice/Summoning                4
 F - a book of Annihilations

   Spells                             Type                      Level
   a - Poison Arrow                   Conjuration/Poison           6
   b - Chain Lightning                Conjuration/Air              8
   c - Lehudib's Crystal Spear        Conjuration/Earth            8
   d - Glaciate                       Conjuration/Ice              9
   e - Fire Storm                     Conjuration/Fire             9
Miscellaneous
 x - a box of beasts
 D - a sack of spiders
Comestibles
 a - 3 fruits
 d - 4 bread rations
 k - 7 meat rations
 B - 3 royal jellies


   Skills:
 - Level 1.5 Fighting
 - Level 2.2(4.9) Short Blades
 * Level 6.9 Dodging
 * Level 8.1 Stealth
 * Level 13.7 Spellcasting
 * Level 5.7(8.0) Conjurations
 * Level 7.0(9.4) Charms
 * Level 4.5(6.7) Summonings
 * Level 5.4(7.7) Transmutations
 * Level 4.7(6.9) Ice Magic
 * Level 10.6(12.7) Earth Magic
 * Level 4.6(6.8) Evocations


You had 10 spell levels left.
You knew the following spells:

 Your Spells              Type           Power        Failure   Level  Hunger
a - Sandblast             Erth           ######       0%          1    None
b - Passwall              Tmut/Erth      ######....   1%          2    None
c - Stone Arrow           Conj/Erth      ######       1%          3    None
d - Petrify               Tmut/Erth      ######..     1%          4    None
e - Lee's Rapid Deconstr  Erth           #######...   1%          5    None
f - Summon Ice Beast      Ice/Summ       ######..     1%          4    None
g - Ozocubu's Armour      Chrm/Ice       ######..     1%          3    None
h - Bolt of Cold          Conj/Ice       ######....   6%          6    ###....


Dungeon Overview and Level Annotations

Branches:
Dungeon (11/15)            Temple (1/1) D:4            Lair (1/6) D:11
    Orc (2/2) D:11
    Elf: Orc:2

Altars:
Ashenzari
Dithmenos
Fedhas
Makhleb
Okawaru
Qazlal
Trog
Vehumet
Xom
Zin
The Shining One
Beogh

Shops:
Orc:2 (

Annotations:
Orc:2 Andry07's ghost, journeyman GrFi


Innate Abilities, Weirdness & Mutations

You have a pair of small horns on your head.
Your mind is acute. (Int +2)
You are robust. (+10% HP)
You evolve.


Message History

The orc wizard goes into a battle-frenzy!
Things that are here:
an uncursed chain mail; a +0 trident The orc wizard no longer looks unusually strong.
The warg misses you.
The orc high priest utters an invocation to Beogh.
The orc wizard gestures wildly while chanting.
The orc wizard blinks!
Andry07's ghost hits you!
* * * LOW HITPOINT WARNING * * *
The orc high priest sings a few bars from the Orcish anthem.
The warg barely misses you.
Things that are here:
an uncursed chain mail; a +0 trident Andry07's ghost hits you!
* * * LOW HITPOINT WARNING * * *
There is a stone staircase leading up, spattered with blood here.
The orc warlord roars a battlecry!
The orc wizard goes into a battle-frenzy!
The warg completely misses you. Andry07's ghost hits you!!
You die...

##.o....##*, { {,,###...#.#
#...o..O.##########......)## * ##
##.#.[##..................).
##.##...o4##(....#...#...<...#..
#...##.)[o[##...................
,.......)..#.#................##.
,........[)o.o...[............##.
..#....[.)o..o.[......#.........
...........oooh@.............#..
....##........W..[..............
.... #..........................
............####.#)##............
............#.∩.#..[#.....#....#.
............#8)8#.8.#.....#...###
............#...#...#.#..........
............#...#'###........####
............#..)....#.......##, ,


You could see an orc warlord, an orc high priest, a chaos spawn, a warg, 3 orc
warriors, an ogre (wandering), 2 orc wizards, Andry07's ghost and 2 orcs.

Vanquished Creatures
  The ghost of Frank the Carver, a journeyman OpFi of Gozag (Orc:2)
  A centaur warrior (D:11)
  A two-headed ogre (D:8)
  The ghost of eggzz the Carver, a journeyman VSFi of Elyvilon (Orc:1)
  An orc knight (Orc:2)
  3 cyclopes
  2 orc sorcerers (Orc:1)
  A black mamba (Lair:1)
  2 centaur zombies
  A gargoyle (D:11)
  A spiny frog (Lair:1)
  5 trolls
  A hornet (D:11)
  2 hippogriffs
  4 yaks (Lair:1)
  A steam dragon (D:10)
  A wraith (D:10)
  Grum (Lair:1)
  A warg (Orc:2)
  4 hungry ghosts
  3 vampire mosquitoes (D:10)
  2 water moccasins
  2 porcupines (Lair:1)
  2 ice beasts
  2 black bears
  9 orc warriors
  3 sky beasts
  2 phantoms
  A centaur (D:9)
  7 ogres
  2 crocodiles (Lair:1)
  2 eyes of draining
  3 wolves (Lair:1)
  The ghost of gungr the Insei, an amateur OpTm (D:3)
  3 big kobolds
  11 bullfrogs
  2 troll zombies (D:11)
  A scorpion (D:5)
  5 killer bees (D:10)
  4 wights (D:11)
  3 howler monkeys
  2 electric eels (Lair:1)
  5 crimson imps
  2 quasits
  5 hounds
  2 jellies (D:11)
  14 orc priests
  16 orc wizards
  4 centaur skeletons
  An iguana (D:10)
  Natasha (thrice) (D:2)
  9 worker ants
  6 ogre zombies (D:11)
  2 hound skeletons
  A worker ant zombie (D:10)
  A howler monkey zombie (D:5)
  A river rat (D:4)
  11 adders
  3 shadow imps
  An ooze (D:1)
  An adder zombie (D:9)
  An adder skeleton (D:5)
  6 worms (D:4)
  2 dart slugs
  3 leopard geckos
  49 orcs
  4 ball pythons
  3 giant cockroaches
  8 goblins
  6 hobgoblins
  22 jackals
  5 quokkas
  6 bats
  4 frilled lizards
  3 goblin zombies (D:11)
  3 hobgoblin skeletons (D:11)
  A hobgoblin zombie (D:11)
  A jackal skeleton (D:4)
  13 kobolds
  2 leopard gecko skeletons (D:5)
  A leopard gecko zombie (D:9)
  2 orc skeletons (D:11)
  12 orc zombies (D:11)
  10 rats
362 creatures vanquished.

Vanquished Creatures (collateral kills)
  A minotaur (Lab)
  4 orc warriors
  2 ogres
  A centaur (D:10)
  A bullfrog (D:10)
  An orc priest (D:9)
  A hound skeleton (D:10)
  A leopard gecko (D:8)
  7 orcs
  A jackal (D:10)
20 creatures vanquished.

Vanquished Creatures (others)
  A sky beast (D:8)
  A centaur (D:8)
  2 adders (D:8)
  An adder skeleton (D:8)
  A quokka (D:8)
  A plant (D:11)
7 creatures vanquished.

Grand Total: 389 creatures vanquished

Notes
Turn   | Place    | Note
-------+----------+-------------------------------------------
     0 | D:1      | Linguinho the Deep Elf Earth Elementalist began the quest for the Orb.
     0 | D:1      | Reached XP level 1. HP: 10/10 MP: 6/6
   118 | D:1      | Reached XP level 2. HP: 15/15 MP: 8/8
   122 | D:1      | Learned a level 2 spell: Passwall
   701 | D:1      | Reached XP level 3. HP: 19/19 MP: 7/10
   756 | D:1      | Learned a level 3 spell: Stone Arrow
   905 | D:2      | Noticed Natasha
   907 | D:2      | Killed Natasha
   954 | D:2      | Reached skill level 4 in Spellcasting
   978 | D:2      | Noticed Natasha
   981 | D:2      | Killed Natasha
   981 | D:2      | Reached XP level 4. HP: 23/24 MP: 2/12
  1354 | D:2      | Noticed Natasha
  1358 | D:2      | Killed Natasha
  1535 | D:3      | Reached XP level 5. HP: 28/28 MP: 3/13
  1560 | D:3      | Reached skill level 1 in Short Blades
  1664 | D:3      | Noticed gungr's ghost (amateur OpTm)
  1672 | D:3      | Killed gungr's ghost
  1736 | D:3      | Reached skill level 5 in Spellcasting
  2107 | D:3      | Reached skill level 1 in Conjurations
  2408 | D:3      | Reached XP level 6. HP: 32/32 MP: 11/15
  2585 | D:3      | Learned a level 4 spell: Petrify
  2774 | D:4      | HP: 1/32 [ogre/giant club (16)]
  3088 | D:3      | Learned a level 5 spell: Lee's Rapid Deconstruction
  3167 | D:4      | Found a staircase to the Ecumenical Temple.
  3176 | Temple   | Entered the Ecumenical Temple
  3255 | Temple   | Became a worshipper of Ashenzari the Shackled
  3709 | D:4      | Reached skill level 5 in Earth Magic
  3877 | D:4      | Learned a level 1 spell: Freeze
  4023 | D:4      | Reached skill level 6 in Spellcasting
  4036 | D:4      | Reached XP level 7. HP: 37/37 MP: 4/18
  4341 | D:5      | Entered Level 5 of the Dungeon
  4645 | D:5      | Reached skill level 1 in Fighting
  4664 | D:5      | Reached skill level 7 in Spellcasting
  5293 | D:6      | Reached XP level 8. HP: 43/43 MP: 15/21
  5385 | D:6      | Reached * piety under Ashenzari
  5528 | D:6      | Reached skill level 8 in Spellcasting
  5764 | D:6      | Found a shadowy altar of Dithmenos.
  5765 | D:6      | Found a shimmering altar of Xom.
  5767 | D:6      | Found a radiant altar of Vehumet.
  5767 | D:6      | Found a burning altar of Makhleb.
  5768 | D:6      | Found a stormy altar of Qazlal.
  5768 | D:6      | Found an iron altar of Okawaru.
  5768 | D:6      | Found a bloodstained altar of Trog.
  6321 | D:7      | Learned a level 3 spell: Ozocubu's Armour
  6325 | D:7      | Learned a level 2 spell: Throw Frost
  6487 | D:7      | Learned a level 1 spell: Freeze
  6671 | D:8      | Reached skill level 9 in Spellcasting
  6725 | D:8      | Learned a level 4 spell: Summon Ice Beast
  6798 | D:8      | Reached skill level 5 in Stealth
  6969 | D:8      | Reached skill level 1 in Charms
  6971 | D:8      | Reached skill level 5 in Dodging
  6971 | D:8      | Reached skill level 1 in Ice Magic
  6971 | D:8      | Reached XP level 9. HP: 47/47 MP: 6/24
  7163 | D:8      | Found a shimmering altar of Xom.
  7327 | D:8      | Reached ** piety under Ashenzari
  7431 | D:8      | Reached skill level 1 in Summonings
  7514 | D:8      | Noticed a two-headed ogre
  7525 | D:8      | Killed a two-headed ogre
  7525 | D:8      | Reached skill level 1 in Evocations
  7669 | D:9      | Reached skill level 10 in Spellcasting
  9034 | D:9      | Reached XP level 10. HP: 52/52 MP: 20/26
  9084 | D:10     | Entered Level 10 of the Dungeon
  9772 | D:10     | Reached skill level 11 in Spellcasting
 10825 | D:11     | Found a labyrinth entrance.
 10835 | Lab      | Entered a labyrinth
 10951 | Lab      | Reached *** piety under Ashenzari
 11001 | Lab      | Noticed a minotaur
 11012 | Lab      | Killed a minotaur
 11139 | Lab      | Identified the Reference Book on the Lucky Glacier
 11140 | Lab      | Identified the +10 great mace of Xour {crush, MR+}
 11154 | Lab      | Got the uncursed scarf of the Doldrums {Str+3}
 11170 | D:11     | Identified the scarf of the Doldrums {Str+3} (You found it in a labyrinth)
 11590 | D:11     | Found a staircase to the Lair.
 11594 | D:11     | Reached skill level 5 in Charms
 11837 | D:11     | Noticed a centaur warrior
 11841 | D:11     | Killed a centaur warrior
 11965 | D:11     | Reached XP level 11. HP: 56/56 MP: 16/28
 11976 | D:11     | Reached skill level 12 in Spellcasting
 12255 | D:11     | Found a staircase to the Orcish Mines.
 12299 | D:11     | Learned a level 6 spell: Bolt of Cold
 12505 | D:11     | Reached skill level 5 in Conjurations
 12741 | Lair:1   | Entered Level 1 of the Lair of Beasts
 12889 | Lair:1   | Noticed Grum
 12891 | Lair:1   | Killed Grum
 13414 | Lair:1   | Reached **** piety under Ashenzari
 13422 | Lair:1   | Gained mutation: Your mind is acute. (Int +2) [potion of mutation]
 13422 | Lair:1   | Gained mutation: You evolve. [potion of mutation]
 13422 | Lair:1   | Gained mutation: You have a pair of small horns on your head. [potion of mutation]
 13422 | Lair:1   | Gained mutation: You are robust. (+10% HP) [potion of mutation]
 14047 | Lair:1   | Reached skill level 10 in Earth Magic
 14154 | Orc:1    | Entered Level 1 of the Orcish Mines
 14154 | Orc:1    | Noticed eggzz's ghost (journeyman VSFi)
 14163 | Orc:1    | Reached skill level 5 in Transmutations
 14215 | Orc:1    | HP: 2/61 [eggzz's ghost (9)]
 14647 | Orc:1    | Reached skill level 13 in Spellcasting
 14676 | Orc:1    | Noticed an orc sorcerer
 14680 | Orc:1    | Killed an orc sorcerer
 16491 | Orc:1    | Killed eggzz's ghost
 16861 | Orc:2    | Entered Level 2 of the Orcish Mines
 17126 | Orc:2    | Reached XP level 12. HP: 41/67 MP: 1/31
 17263 | Orc:2    | Found a roughly hewn altar of Beogh.
 17273 | Orc:2    | Found Ikesch's Antique Weapon Boutique.
 17332 | Orc:2    | Noticed Frank's ghost (journeyman OpFi)
 17725 | Orc:2    | Killed Frank's ghost
 17994 | Orc:2    | Noticed Andry07's ghost (journeyman GrFi)
 18913 | Orc:2    | Noticed an orc warlord
 18923 | Orc:2    | Noticed an orc high priest
 18937 | Orc:2    | Mangled by Andry07's ghost

Skill      XL: |  1  2  3  4  5  6  7  8  9 10 11 12 |
---------------+-------------------------------------+-----
Earth Magic    | 4 5 7 8 9 10 | 10.6
Spellcasting   | 4 5 6 7 9 10 11 13 | 13.7
Short Blades   | 1 2 |  2.2
Dodging        | 3 4 5 6 |  6.9
Stealth        | 3 4 5 6 7 8 |  8.1
Transmutations | 2 3 4 5 |  5.4
Conjurations   | 1 2 3 4 5 |  5.7
Fighting       | 1 |  1.5
Charms         | 1 3 5 6 7 |  7.0
Ice Magic      | 1 2 3 4 |  4.7
Summonings     | 2 3 4 |  4.5
Evocations     | 1 3 4 |  4.6

Action                   |  1- 3 |  4- 6 |  7- 9 | 10-12 || total
-------------------------+-------+-------+-------+-------++-------
Melee: Dagger            |    23 |    24 |    49 |    15 ||   111
Throw: Stone             |       |       |     1 |       ||     1
 Cast: Sandblast         |    41 |    39 |   126 |   207 ||   413
       Stone Arrow       |     5 |    29 |    43 |   110 ||   187
       Freeze            |       |     2 |    12 |       ||    14
       Throw Frost       |       |       |     5 |       ||     5
       Summon Ice Beast  |       |       |    10 |    34 ||    44
       Ozocubu's Armour  |       |       |     1 |    29 ||    30
       Lee's Rapid Decon |       |       |     9 |    45 ||    54
       Petrify           |       |       |     7 |    19 ||    26
       Bolt of Cold      |       |       |       |    13 ||    13
       Passwall          |       |       |       |     1 ||     1
Invok: Curse Item        |       |     1 |     2 |       ||     3
       Scrying           |       |       |     1 |       ||     1
Evoke: Wand              |       |       |       |    11 ||    11
  Use: Scroll            |       |       |    16 |    21 ||    37
       Potion            |       |       |     1 |     9 ||    10
 Stab: Sleeping          |     1 |    10 |     5 |     2 ||    18
       Petrified         |       |       |     1 |       ||     1
  Eat: Chunk             |       |     6 |     4 |       ||    10
       Bread ration      |       |     1 |     2 |     5 ||     8
       Meat ration       |       |       |     1 |     1 ||     2
       Fruit             |       |       |       |    10 ||    10
       Royal jelly       |       |       |       |     1 ||     1
Armor: Robe              |     8 |     8 |    30 |    61 ||   107
Dodge: Dodged            |    55 |    27 |    96 |   149 ||   327
